 Dungeon Crawl Stone Soup version 0.16-a0-3074-gc0bb631 (webtiles) character file.

2 BluebellGnoll the Magician (level 1, 0/11 HPs)
             Began as a Spriggan Wanderer on Dec 11, 2014.
             Slain by a kobold
             ... wielding a +0 short sword
              (5 damage)
             ... on level 1 of the Dungeon.
             The game lasted 00:02:15 (83 turns).

BluebellGnoll the Magician (Spriggan Wanderer)        Turns: 83, Time: 00:02:16

Health: 0/11       AC:  2    Str: 10    XL:     1   Next: 33%
Magic:  4/4        EV: 15    Int: 12    God:
Gold:   0          SH:  0    Dex: 14    Spells: 1 memorised, 4 levels left

rFire  . . .     SeeInvis +     g - +0 short sword
rCold  . . .     Clarity  .     e - +0 robe
rNeg   . . .     SustAb   .     (shield restricted)
rPois  .         Gourm    .     (helmet restricted)
rElec  .         Spirit   .     (no cloak)
rCorr  .         Warding  .     (gloves unavailable)
rMut   .         Stasis   .     (boots unavailable)
MR     .....                    (no amulet)
Stlth  ++........               (no ring)
                                (no ring)

@: very quick, not resistant to hostile enchantments, unstealthy
A: unfitting armour, see invisible, herbivore 3, speed 3, slow metabolism 2
a: no special abilities


You were on level 1 of the Dungeon.
You were not hungry.

You visited 1 branch of the dungeon, and saw 1 of its levels.

Inventory:

Hand weapons
 b - a +2 blowgun
 g - a +0 short sword (weapon)
Missiles
 a - a curare-tipped needle
Armour
 e - a +0 robe (worn)
Books
 c - the Almanac of the Voyage

   Spells                             Type                      Level
   a - Apportation                    Translocation                1
   b - Blink                          Translocation                2
 d - Blan's Guide on the Snowflakes

   Spells                             Type                      Level
   a - Throw Frost                    Conjuration/Ice              2
   b - Ensorcelled Hibernation        Hexes/Ice                    2
Comestibles
 f - a bread ration


   Skills:
 - Level 2.4 Fighting
 - Level 1.1 Throwing
 + Level 2.3 Stealth
 - Level 2.6 Spellcasting
   Level 2.4 Ice Magic


You had 4 spell levels left.
You knew the following spells:

 Your Spells              Type           Power        Failure   Level  Hunger
a - Apportation           Tloc           #.........   28%         1    #......


Dungeon Overview and Level Annotations

Branches:
Dungeon (1/15)

Altars:


Innate Abilities, Weirdness & Mutations

You are tiny and cannot use many weapons and most armour.
You have supernaturally acute eyesight.
You are a herbivore.
You cover ground extremely quickly.
You need consume almost no food.


Message History

The kobold is moderately wounded.
The kobold hits you but does no damage.
You completely miss the kobold.
The kobold is moderately wounded.
The kobold barely misses you.
You completely miss the kobold.
The kobold is moderately wounded.
The kobold misses you.
You hit the kobold but do no damage.
The kobold is moderately wounded.
The kobold misses you.
You hit the hobgoblin but do no damage.
The kobold throws a stone.
The stone barely misses you.
The stone barely misses the hobgoblin.
The hobgoblin hits you with a club.
Ouch! That really hurt!
The kobold throws a stone.
The stone closely misses you.
The stone barely misses the hobgoblin.
You barely miss the hobgoblin. The hobgoblin closely misses you.
You hit the hobgoblin but do no damage. The kobold hits you with a short sword.
You die...

#.## ...# .g##...#
#.##...#
####..#...###
#...#.#.....
#...#.#.[#####
#...#..........
#...##.#.#######..).
#...(....g@KK.......
#......#.#######....
###.............
#...#..######
#...#..######.#
##.......†....#
#.###.########
###'###.# #.#.#O#.#


You could see a hobgoblin and 2 kobolds.

Vanquished Creatures
  A kobold (D:1)
  2 rats (D:1)
3 creatures vanquished.

Notes
Turn   | Place    | Note
--------------------------------------------------------------
     0 | D:1      | BluebellGnoll, the Spriggan Wanderer, began the quest for the Orb.
     0 | D:1      | BluebellGnoll set off with: 2 curare-tipped needles, a +2 blowgun, the Almanac of the Voyage, Blan's Guide on the Snowflakes, a +0 robe, a bread ration
     0 | D:1      | Reached XP level 1. HP: 11/11 MP: 4/4
     0 | D:1      | Identified the Almanac of the Voyage
     0 | D:1      | Identified Blan's Guide on the Snowflakes
     2 | D:1      | Learned a level 1 spell: Apportation
     4 | D:1      | Noticed a spriggan
     4 | D:1      | Noticed a troll
     6 | D:1      | Noticed a demigod
     8 | D:1      | Noticed a draconian
     8 | D:1      | Noticed a human
    10 | D:1      | Noticed an octopode
    10 | D:1      | Noticed a naga
    12 | D:1      | Noticed a tengu
    12 | D:1      | Noticed a merfolk
    14 | D:1      | Noticed a vine stalker
    14 | D:1      | Noticed a demonspawn
    16 | D:1      | Noticed an elf
    18 | D:1      | Noticed a felid
    18 | D:1      | Noticed a centaur
    20 | D:1      | Noticed a ghoul
    20 | D:1      | Noticed a gargoyle
    22 | D:1      | Noticed a vampire
    22 | D:1      | Noticed a formicid
    24 | D:1      | Noticed a dwarf
    26 | D:1      | Noticed a minotaur
    28 | D:1      | Noticed an ogre
    83 | D:1      | Slain by a kobold

Action                   || total
-------------------------++-------
Melee: Short sword       ||     9
 Fire: Blowgun           ||     1
